 Dungeon Crawl Stone Soup version 0.26-a0-812-g31a745ddcd (webtiles) character file.

Game seed: 17239952372657319092

135921 Peloso the Peltast (level 16, -2/149 HPs)
             Began as a Minotaur Fighter on Nov 13, 2020.
             Was the Champion of Okawaru.
             Killed from afar by Nikola (13 damage)
             ... with a chain lightning
             ... on level 2 of the Swamp.
             The game lasted 01:24:08 (36850 turns).

Peloso the Peltast (Minotaur Fighter)              Turns: 36850, Time: 01:24:10

Health: -2/149     AC: 31    Str: 27    XL:     16   Next: 65%
Magic:  14/17      EV:  9    Int:  8    God:    Okawaru [******]
Gold:   2671       SH: 25    Dex: 14    Spells: 15/15 levels left

rFire    . . .     SeeInvis .   a - +6 long sword (flame)
rCold    + . .     Faith    +   c - +2 tower shield {rPois}
rNeg     . . .     Spirit   .   Z - +5 plate armour of Patterns {rC+ Int+3}
rPois    +         Reflect  .   (helmet restricted)
rElec    .         Harm     .   q - +1 cloak {rCorr}
rCorr    +         Rampage  +   t - +2 pair of gloves {Str+3}
MR       +++..                  A - +1 pair of boots {rampage}
Stlth    ..........             K - amulet of faith
HPRegen  0.34/turn              R - ring of protection from magic
MPRegen  0.15/turn              G - ring of protection from magic

@: berserk cooldown, slowed, very slow
A: retaliatory headbutt, horns 2
a: Heroism, Finesse, Renounce Religion


You were on level 2 of the Swamp.
You worshipped Okawaru.
Okawaru was exalted by your worship.
You visited 6 branches of the dungeon, and saw 27 of its levels.

You collected 4384 gold pieces.
You spent 1713 gold pieces at shops.

Inventory:

Hand Weapons
 a - a +6 long sword of flaming (weapon)
 b - a +1 long sword of electrocution
Armour
 c - a +2 tower shield of poison resistance (worn)
 q - a +1 cloak of preservation (worn)
 t - a +2 pair of gloves of strength (worn)
 A - a +1 pair of boots of rampaging (worn)
 D - a +2 chain mail of fire resistance
 Z - the +5 plate armour of Patterns (worn) {rC+ Int+3}
   (You bought it in a shop on level 1 of the Elven Halls)

   It affects your intelligence (+3).
   It protects you from cold.
Jewellery
 f - an uncursed ring of protection from cold
 E - an uncursed ring of protection from fire
 G - a ring of protection from magic (right hand)
 K - an amulet of faith (around neck)
 R - a ring of protection from magic (left hand)
 T - an uncursed ring of see invisible
 X - an uncursed ring of flight
Wands
 s - a wand of digging (2)
Scrolls
 e - 3 scrolls of fog
 g - 2 scrolls of enchant weapon {unknown}
 h - 3 scrolls of fear
 k - 9 scrolls of teleportation
 l - 2 scrolls of magic mapping
 n - a scroll of noise
 o - a scroll of blinking
 p - a scroll of identify
 r - 5 scrolls of remove curse
 N - 2 scrolls of immolation
Potions
 d - a potion of might
 v - 6 potions of curing
 y - a potion of mutation
 I - 4 potions of berserk rage
 P - a potion of resistance
 S - 5 potions of haste


   Skills:
 + Level 15.0 Fighting
 + Level 17.0 Long Blades
   Level 1.3 Axes
 + Level 16.5 Armour
 + Level 4.5 Dodging
 + Level 3.0 Stealth
 + Level 19.5 Shields
 + Level 1.3 Unarmed Combat
 + Level 3.7 Invocations
 + Level 1.7 Evocations


You had 15 spell levels left.
You didn't know any spells.
Your spell library contained the following spells:

 Spells                   Type           Power        Failure   Level
 Corona                   Hex            #......      99%         1
 Foxfire                  Conj/Fire      #...         99%         1
 Freeze                   Ice            #...         99%         1
 Magic Dart               Conj           #...         99%         1
 Sting                    Tmut/Pois      #...         99%         1
 Summon Small Mammal      Summ           #...         99%         1
 Ensorcelled Hibernation  Hex/Ice        #.....       100%        2
 Poisonous Vapours        Pois/Air       #.....       100%        2
 Searing Ray              Conj           #.....       100%        2
 Confusing Touch          Hex            #.......     100%        3
 Conjure Flame            Conj/Fire      #.......     100%        3
 Dazzling Flash           Conj/Hex       #.....       100%        3
 Frozen Ramparts          Ice            #.....       100%        3
 Ignite Poison            Fire/Tmut/Pois #.......     100%        3
 Inner Flame              Hex/Fire       #.......     100%        3
 Mephitic Cloud           Conj/Pois/Air  #.......     100%        3
 Ozocubu's Armour         Ice            #.......     100%        3
 Static Discharge         Conj/Air       #.......     100%        3
 Tukima's Dance           Hex            #.......     100%        3
 Airstrike                Air            #.........   100%        4
 Fulminant Prism          Conj/Hex       #.........   100%        4
 Hailstorm                Conj/Ice       #.......     100%        4
 Iskenderun's Mystic Bla  Conj/Tloc      #.......     100%        4
 Olgreb's Toxic Radiance  Pois           #.......     100%        4
 Sticky Flame             Conj/Fire      #.......     100%        4
 Summon Ice Beast         Ice/Summ       #.......     100%        4
 Summon Lightning Spire   Summ/Air       #.......     100%        4
 Bolt of Magma            Conj/Fire/Erth #.........   100%        5
 Fireball                 Conj/Fire      #.........   100%        5
 Iskenderun's Battlesphe  Conj           #.......     100%        5
 Silence                  Hex/Air        #.........   100%        5
 Summon Mana Viper        Hex/Summ       #.......     100%        5
 Conjure Ball Lightning   Conj/Air       #.........   100%        6
 Iron Shot                Conj/Erth      #.........   100%        6
 Shadow Creatures         Summ           N/A          100%        6
 Starburst                Conj/Fire      #.........   100%        6
 Orb of Destruction       Conj           #.........   100%        7
 Spellforged Servitor     Conj/Summ      #.........   100%        7
 Tornado                  Air            #.........   100%        9


Dungeon Overview and Level Annotations

Branches:
Dungeon (13/15)            Temple (1/1) D:4            Lair (6/6) D:8
  Swamp (2/4) Lair:4        Snake (0/4) Lair:2        Slime (0/5) Lair:5
    Orc (2/2) D:12            Elf (3/3) Orc:2
 Vaults: D:13-14

Altars:
Ashenzari
Cheibriados
Dithmenos
Elyvilon
Fedhas
Gozag
Hepliaklqana
Kikubaaqudgha
Makhleb
Nemelex Xobeh
Okawaru
Qazlal
Ru
Sif Muna
Trog
Uskayaw
Vehumet
Wu Jian
Xom
Yredelemnul
Zin
The Shining One
Beogh

Shops:
D:5 !   D:13 (   Orc:2 ([(((   Elf:1 *[

Annotations:
Swamp:2 Nikola


Innate Abilities, Weirdness & Mutations

You reflexively headbutt those who attack you in melee.
You have a pair of horns on your head.


Message History

Nikola mumbles some strange words.
Nikola blinks!
You block the tyrant leech's attack.
Unknown command.
You feel much better.
You feel like a meek peon again. The tyrant leech barely misses you.
You furiously retaliate!
You headbutt the tyrant leech, but do no damage.
You slice the tyrant leech!! You burn the tyrant leech!
You kill the tyrant leech!
Okawaru accepts your kill.
Evoke which item? (* to show all) (? for menu, Esc to quit)
Okay, then.
Nikola points at you and mumbles some strange words.
The zap misses you.
Nikola gestures wildly while chanting.
You hear a mighty clap of thunder!
The lightning arc hits you!!
* * * LOW HITPOINT WARNING * * *
The lightning arc hits Nikola.
The lightning arc hits you!
You die...

.<≈≈≈≈.##.♣...♣..
..≈.≈≈...#..♣....
♣.≈.≈....≈....#
♣.≈@≈......#.##
♣.≈≈≈.≈........
♣≈♣...≈≈≈≈§≈§.≈
♣.≈≈≈≈§≈≈≈≈§/≈§
♣≈≈†.§.[≈♣≈≈≈≈.
♣♣@.§≈....≈.≈≈♣
♣≈≈≈.≈.≈≈.§.≈.♣
♣♣..≈(≈..≈≈≈♣.♣
♣♣♣≈≈≈.≈...♣ ♣
♣♣≈≈...♣♣.♣
♣≈♣..♣♣ ♣♣ ♣♣.♣♣♣
♣♣


You could see Nikola.

Vanquished Creatures
  A thorn hunter (Swamp:2)
  A fenstrider witch (Swamp:2)
  3 deep elf sorcerers
  2 orc warlords
  3 entropy weavers (Lair:3)
  Nessos (Lair:4)
  3 bunyips
  6 dire elephants (Lair:6)
  Josephine (Lair:5)
  2 deep elf death magi (Elf:1)
  The ghost of Riddle the Fighter, a journeyman GrFi of Hepliaklqana (D:13)
  Fannar (Lair:3)
  A boulder beetle (D:11)
  14 hydras
  2 catoblepae (Lair:5)
  The ghost of Tessuop the Grappler, a journeyman VSFi of Cheibriados (Lair:4)
  5 two-headed ogres
  2 centaur warriors (D:13)
  4 ghost crabs (Lair:3)
  4 alligators (Swamp:1)
  An anaconda (Lair:6)
  10 death yaks
  5 dancing weapons (Elf:1)
  An orc high priest (Orc:1)
  4 deep elf knights
  4 skeletal warriors (D:13)
  6 fire crabs (Lair:3)
  2 bog bodies
  3 deep elf archers
  5 orc knights
  An orb spider (shapeshifter) (Elf:1)
  10 orc sorcerers
  A manticore (Lair:4)
  An oklob plant (Lair:3)
  A will-o-the-wisp (Swamp:1)
  22 deep elf magi
  2 cyclopes
  2 ugly things
  2 centaur zombies (D:13)
  12 elephants
  6 black mambas
  Psyche (D:8)
  An apocalypse crab (Lair:3)
  A torpor snail (Lair:6)
  15 cane toads
  2 rime drakes
  13 komodo dragons
  2 guardian mummies (D:13)
  A polar bear (Lair:4)
  9 trolls
  5 tyrant leeches
  19 blink frogs
  6 dream sheep
  2 air elementals
  A vampire (D:13)
  42 yaks
  A shadow (D:13)
  7 wraiths
  A human (D:12)
  8 wyverns
  7 basilisks
  2 fire bats (D:5)
  A steam dragon (Lair:3)
  8 wargs
  4 nagas (Lair:2)
  3 swamp worms
  20 water moccasins
  42 orc warriors
  A sky beast (D:8)
  A black bear (Lair:1)
  13 ogres
  2 ice beasts
  An eye of draining (D:10)
  2 phantoms
  2 wolves (Lair:1)
  8 centaurs
  2 big kobolds
  15 bullfrogs
  A gnoll sergeant (D:12)
  2 scorpions
  9 wights
  An electric eel (Lair:5)
  A howler monkey (D:5)
  5 bullfrog zombies
  8 hounds
  A quasit (D:10)
  Crazy Yiuf (D:4)
  32 orc priests
  A gnoll shaman (D:5)
  9 jellies
  55 orc wizards
  4 centaur skeletons
  2 bullfrog skeletons
  Natasha (D:2)
  Terence (D:3)
  2 iguanas (D:11)
  5 worker ants
  4 hound skeletons
  Robin (D:2)
  2 howler monkey zombies
  3 mummies (D:13)
  15 gnolls
  10 adders
  3 shadow imps
  4 white imps
  An ufetubus (D:7)
  5 oozes
  An adder zombie (D:8)
  3 adder skeletons
  A dart slug (D:3)
  9 leopard geckos
  111 orcs
  9 bats
  2 giant cockroaches
  8 goblins
  13 hobgoblins
  11 jackals
  6 quokkas
  A ball python (D:1)
  3 frilled lizards
  A giant cockroach zombie (D:5)
  14 kobolds
  9 rats
821 creatures vanquished.

Vanquished Creatures (others)
  A deep elf high priest (Elf:1)
  An alligator (Swamp:2)
  A deep elf archer (Elf:1)
  A bloated husk (Swamp:2)
  A tyrant leech (Swamp:2)
  A dream sheep (Lair:6)
  3 orc wizards
  An orc (D:7)
  8 foxfires (Swamp:1)
  34 fungi
  47 plants
  6 toadstools (Swamp:2)
105 creatures vanquished.

Grand Total: 926 creatures vanquished

Notes
Turn   | Place    | Note
-------+----------+-------------------------------------------
     0 | D:1      | Peloso the Minotaur Fighter began the quest for the Orb.
     0 | D:1      | Reached XP level 1. HP: 19/19 MP: 0/0
   559 | D:1      | Reached XP level 2. HP: 23/27 MP: 1/1
  1117 | D:2      | Reached skill level 4 in Shields
  1154 | D:2      | Reached XP level 3. HP: 29/33 MP: 2/2
  1339 | D:2      | Noticed Natasha
  1360 | D:2      | Killed Natasha
  1360 | D:2      | Reached XP level 4. HP: 7/40 MP: 3/3
  1757 | D:2      | Noticed Robin
  1768 | D:2      | Killed Robin
  2181 | D:3      | Reached skill level 1 in Unarmed Combat
  2181 | D:3      | Reached XP level 5. HP: 46/47 MP: 4/4
  2196 | D:3      | Reached skill level 1 in Dodging
  2272 | D:3      | Found a blossoming altar of Fedhas.
  2498 | D:3      | Reached skill level 5 in Armour
  2512 | D:3      | Reached XP level 6. HP: 7/55 MP: 5/5
  2960 | D:3      | Noticed Terence
  2972 | D:3      | Killed Terence
  2972 | D:3      | Reached skill level 5 in Fighting
  3600 | D:4      | Found a white marble altar of Elyvilon.
  3689 | D:4      | Reached skill level 5 in Long Blades
  3773 | D:4      | Reached skill level 5 in Shields
  3926 | D:4      | Reached XP level 7. HP: 61/61 MP: 6/6
  4310 | D:4      | Found a staircase to the Ecumenical Temple.
  4493 | D:4      | Found a runed translucent door.
  4494 | D:4      | Noticed Crazy Yiuf
  4709 | D:4      | Killed Crazy Yiuf
  4741 | Temple   | Entered the Ecumenical Temple
  4749 | Temple   | Became a worshipper of Warmaster Okawaru
  4797 | D:5      | Entered Level 5 of the Dungeon
  4800 | D:5      | Found a transporter.
  5193 | D:5      | Reached * piety under Okawaru
  5237 | D:5      | Found a radiant altar of Vehumet.
  5253 | D:5      | Reached XP level 8. HP: 14/70 MP: 7/7
  5465 | D:5      | Reached skill level 6 in Shields
  5783 | D:5      | Found Hyagek's Distillery.
  5791 | D:5      | Bought a potion of mutation for 104 gold pieces
  5791 | D:5      | Bought a potion of curing for 39 gold pieces
  5791 | D:5      | Bought a potion of degeneration for 13 gold pieces
  6021 | D:5      | Found a transporter.
  6093 | D:6      | Noticed a +0 hand axe
  6093 | D:6      | Noticed a +0 hand axe
  6095 | D:6      | Found a hide-covered altar of Uskayaw.
  7240 | D:7      | Found a shimmering altar of Xom.
  7249 | D:7      | Reached skill level 7 in Shields
  7281 | D:7      | Reached ** piety under Okawaru
  7459 | D:7      | Reached XP level 9. HP: 57/78 MP: 5/8
  7821 | D:7      | Found a hazy altar of Hepliaklqana.
  8707 | D:8      | Noticed Psyche
  8712 | D:8      | Killed Psyche
  8712 | D:8      | Reached skill level 10 in Long Blades
  8879 | D:8      | Reached skill level 8 in Shields
  8931 | D:8      | Found a staircase to the Lair.
  8951 | D:8      | Reached *** piety under Okawaru
  8996 | D:8      | Reached XP level 10. HP: 35/86 MP: 5/9
  9042 | D:8      | Reached **** piety under Okawaru
  9042 | D:8      | Reached skill level 1 in Evocations
  9262 | D:8      | Noticed a two-headed ogre
  9283 | D:8      | Killed a two-headed ogre
  9828 | D:8      | Found an opulent altar of Gozag.
 10242 | D:8      | Reached skill level 9 in Shields
 10515 | D:9      | Identified the Papyrus of Cloudy Fire
 10591 | D:9      | Found an ornate altar of the Wu Jian Council.
 10638 | D:9      | Reached ***** piety under Okawaru
 10641 | D:9      | Noticed a two-headed ogre
 10668 | D:9      | Killed a two-headed ogre
 10668 | D:9      | Reached skill level 10 in Armour
 10668 | D:9      | Reached skill level 1 in Invocations
 10766 | D:9      | Found a broken altar of Ashenzari.
 10877 | D:9      | Found a sacrificial altar of Ru.
 11368 | D:9      | Found a glowing silver altar of Zin.
 11516 | D:10     | Entered Level 10 of the Dungeon
 11717 | D:10     | Noticed a two-headed ogre
 11727 | D:10     | Killed a two-headed ogre
 11727 | D:10     | Reached skill level 10 in Shields
 11727 | D:10     | Reached XP level 11. HP: 57/95 MP: 10/10
 12569 | D:10     | Received a gift from Okawaru
 13267 | D:11     | Found a transporter.
 13267 | D:11     | Found a transporter.
 13267 | D:11     | Noticed a boulder beetle
 14024 | D:11     | Reached skill level 11 in Shields
 14856 | D:12     | Noticed a two-headed ogre
 14867 | D:12     | Killed a two-headed ogre
 14910 | D:12     | Found a staircase to the Orcish Mines.
 15704 | D:12     | Received a gift from Okawaru
 15968 | D:12     | Reached XP level 12. HP: 94/106 MP: 12/12
 16261 | D:12     | Reached skill level 10 in Fighting
 16574 | Lair:1   | Entered Level 1 of the Lair of Beasts
 16576 | Lair:1   | Noticed a six-headed hydra
 16601 | D:8      | Killed a one-headed hydra
 16603 | D:8      | Reached skill level 12 in Shields
 16826 | Lair:1   | Reached skill level 1 in Stealth
 18419 | Lair:2   | Found a staircase to the Snake Pit.
 18444 | Lair:2   | Reached ****** piety under Okawaru
 18708 | Lair:2   | Received a gift from Okawaru
 18715 | Lair:2   | Got a scorched rapier {god gift}
 18716 | Lair:2   | Identified the +2 rapier "Sarcophage" {freeze, MR+ Str+4}
                  | (Okawaru gifted it to you on level 2 of the Lair of Beasts)
 18858 | Lair:2   | Noticed a death yak
 18869 | Lair:2   | Noticed a death yak
 18870 | Lair:2   | Noticed a death yak
 18871 | Lair:2   | Killed a death yak
 18871 | Lair:2   | Reached skill level 13 in Shields
 18872 | Lair:2   | Noticed a death yak
 18887 | Lair:1   | Killed a death yak
 18898 | Lair:1   | Killed a death yak
 19065 | Lair:2   | Killed a death yak
 19427 | Lair:3   | Received a gift from Okawaru
 19604 | Lair:3   | Noticed a five-headed hydra
 19614 | Lair:3   | Killed a one-headed hydra
 19632 | Lair:3   | Reached XP level 13. HP: 80/115 MP: 13/13
 19769 | Lair:3   | Noticed Fannar
 19788 | Lair:3   | Killed Fannar
 19788 | Lair:3   | Reached skill level 1 in Axes
 20327 | Lair:3   | Found a runed translucent door.
 20397 | Lair:3   | Found a blossoming altar of Fedhas.
 20747 | Orc:1    | Entered Level 1 of the Orcish Mines
 21111 | Orc:1    | Noticed an orc warlord
 21131 | Orc:1    | Killed an orc warlord
 21761 | Orc:1    | Reached skill level 14 in Shields
 21935 | Orc:1    | Found a roughly hewn altar of Beogh.
 22342 | Orc:1    | Received a gift from Okawaru
 22394 | Orc:1    | Found a shimmering blue altar of Sif Muna.
 22543 | Orc:2    | Entered Level 2 of the Orcish Mines
 22952 | Orc:2    | Identified a scroll of acquirement
 22988 | Orc:2    | Noticed an orc warlord
 23006 | Orc:2    | Killed an orc warlord
 23007 | Orc:2    | Found a staircase to the Elven Halls.
 23482 | Orc:2    | Reached skill level 15 in Shields
 23577 | Orc:2    | Found Zeomeb's Weapon Boutique.
 23581 | Orc:2    | Paralysed by an orc sorcerer for 7 turns
 23600 | Orc:2    | Received a gift from Okawaru
 23608 | Orc:2    | Got an ancient chain mail {god gift}
 23628 | Orc:2    | Identified the +0 chain mail of Weywoi {Stlth+} (Okawaru
                  | gifted it to you on level 2 of the Orcish Mines)
 23786 | Orc:2    | Found Zyeliz's Weapon Shoppe.
 23828 | Orc:2    | Found a roughly hewn altar of Beogh.
 23960 | Orc:2    | Found Raga's Antique Armour Shoppe.
 23961 | Orc:2    | Reached skill level 15 in Long Blades
 24263 | Orc:2    | Found Foroh's Weapon Boutique.
 24504 | Orc:2    | Found Zoiretipn's Antique Weapon Emporium.
 25139 | D:13     | Reached XP level 14. HP: 125/125 MP: 14/14
 25392 | D:13     | Found the +10 morningstar "Eos" {elec, Halo rElec}
 25533 | D:13     | Found a runed translucent door.
 25873 | D:13     | Found Xuiwiur's Weapon Emporium.
 25897 | D:13     | Bought a +6 long sword of flaming for 689 gold pieces
 26294 | D:13     | Noticed Riddle's ghost (journeyman GrFi)
 26351 | D:13     | Killed Riddle's ghost
 26351 | D:13     | Received a gift from Okawaru
 26360 | D:13     | Got a jet-encrusted plate armour
 26371 | D:13     | Identified the +4 plate armour of Dramatic Exits {Regen+
                  | rCorr Str-2} (You found it on level 13 of the Dungeon)
 26752 | Lair:3   | Reached skill level 16 in Shields
 26753 | Lair:3   | Noticed an entropy weaver
 26762 | Lair:3   | Killed an entropy weaver
 26937 | Lair:3   | Noticed an entropy weaver
 26960 | Lair:3   | Killed an entropy weaver
 26979 | Lair:3   | Received a gift from Okawaru
 27298 | Lair:3   | Noticed an entropy weaver
 27305 | Lair:3   | Killed an entropy weaver
 27752 | Lair:4   | Found a staircase to the Swamp.
 27873 | Lair:4   | Noticed Nessos
 27883 | Lair:4   | Killed Nessos
 27932 | Lair:4   | Noticed Tessuop's ghost (journeyman VSFi)
 27938 | Lair:4   | Found a runed translucent gate.
 27938 | Lair:4   | Found a runed translucent gate.
 27940 | Lair:4   | Found a runed translucent gate.
 28093 | Lair:4   | Got a vibrating gossamer ring
 28570 | Lair:4   | Identified the ring "Lowenwom" {*Tele rPois Int+4 Slay+3}
                  | (You found it on level 4 of the Lair of Beasts)
 28701 | Lair:4   | Killed Tessuop's ghost
 28703 | Lair:4   | Received a gift from Okawaru
 28704 | Lair:4   | Reached skill level 15 in Armour
 28738 | Lair:4   | Acquired 929 gold pieces
 28958 | Lair:5   | Reached XP level 15. HP: 108/135 MP: 16/16
 29031 | Lair:5   | Reached skill level 17 in Shields
 29082 | Lair:5   | Found a staircase to the Slime Pits.
 29141 | Lair:5   | Noticed Josephine
 29159 | Lair:5   | Killed Josephine
 29727 | Lair:6   | Entered Level 6 of the Lair of Beasts
 30025 | Lair:6   | Received a gift from Okawaru
 30183 | Lair:6   | HP: 6/136 [catoblepas (48)]
 31250 | Lair:6   | Reached skill level 18 in Shields
 31947 | Elf:1    | Entered Level 1 of the Elven Halls
 31962 | Orc:2    | Received a gift from Okawaru
 32067 | Elf:1    | Noticed a deep elf sorcerer
 32075 | Elf:1    | Killed a deep elf sorcerer
 32091 | Elf:1    | Noticed a deep elf sorcerer
 32144 | Orc:2    | Killed a deep elf sorcerer
 32432 | Elf:1    | Reached XP level 16. HP: 146/146 MP: 17/17
 32590 | Elf:1    | Identified the Almanac of Attacks
 32816 | Elf:1    | Found Goen's Antique Armour Boutique.
 32816 | Elf:1    | Found Qaamp's General Store.
 32913 | Elf:1    | Bought a distressingly furry plate armour for 868 gold
                  | pieces
 32925 | Elf:1    | Identified the +5 plate armour of Patterns {rC+ Int+3} (You
                  | bought it in a shop on level 1 of the Elven Halls)
 33641 | Elf:2    | Found a shimmering blue altar of Sif Muna.
 33660 | Elf:2    | Received a gift from Okawaru
 33695 | Elf:1    | Reached skill level 19 in Shields
 34174 | Elf:3    | Entered Level 3 of the Elven Halls
 34389 | Swamp:1  | Entered Level 1 of the Swamp
 35057 | Swamp:1  | Identified Sif Muna's Almanac of the Compass and Calling
 35369 | Swamp:1  | Acquired 761 gold pieces
 36125 | Swamp:2  | Noticed a thorn hunter
 36142 | Swamp:2  | Killed a thorn hunter
 36345 | Swamp:2  | Reached skill level 15 in Fighting
 36439 | Swamp:2  | Noticed Nikola
 36850 | Swamp:2  | Killed from afar by Nikola

Illustrated notes

Levels and vault maps discovered:
D:1:      wander_arrival_abandoned_jail, layout_loops_corners,
          serial_bayou_ford_a
D:2:      layout_basic, uniq_natasha, uniq_robin
D:3:      layout_loops_corners, fedhas_altar_3, uniq_terence
D:4:      cheibrodos_helix_gallery, layout_basic, elyvilon_altar_1,
          minmay_temple_entry_drinking_statues, uniq_crazy_yiuf_cottage
D:5:      gammafunk_cloud_chamber, layout_gridville, vehumet_crystals,
          serial_shops, shop, item_on_display_a
D:6:      layout_basic, dancing_weapons_uskayaw
D:7:      layout_loops_ring, old_standard_altar, xom_confusion_cloud
D:8:      layout_layer_cave, lemuel_doored_altar, minmay_lair_entry_grove,
          minmay_checkerbox, uniq_psyche
D:9:      layout_long_grid, ashenzari_altar_1, zin_scriptorium,
          nicolae_overflow_crystal_walls, nicolae_ru_the_path_less_chosen
D:10:     layout_basic
D:11:     gammafunk_boulding_lane, layout_loops_ring
D:12:     layout_irregular_city, erik_orc_4
D:13:     layout_gridville, serial_undead, serial_undead_a, serial_undead_a,
          serial_undead_c, serial_undead_f, serial_shops,
          nicolae_shop_statue_plus, ebering_ghost_reflecting_pool
Temple:   nicolae_temple_no_exploring_needed
Lair:1:   layout_hall_layers, beast_lair_carwin_11, lemuel_fruit_tree
Lair:2:   layout_misc_corridors, minmay_snake_entry_guardpost_small,
          infiniplex_staircase_pool
Lair:3:   gammafunk_mikee_crab_dinner, layout_hall_layers, lemuel_oklob_altar,
          grunt_megastairs_2, uniq_fannar, uniq_urug
Lair:4:   layout_loops_ring, skrybe_swamp_entry_bodies, gammafunk_ghost_split,
          uniq_nessos
Lair:5:   layout_long_grid, nicolae_slime_entry_slimehenge,
          serial_bayou_shore_a, grunt_megastairs_5, uniq_josephine
Lair:6:   due_jungle_book, layout_regular_city
Swamp:1:  layout_basic_swamp, evilmike_swamp_ruin_house_6, swamp_pool4
Swamp:2:  cheibrodos_swamp_tower_of_moss, layout_falls_marsh,
          evilmike_swamp_ruin_house_2, swamp_pool1, uniq_nikola
Orc:1:    orc_temple, layout_diamond_mine, led_sif_book
Orc:2:    st_orc_town, layout_diamond_mine, serial_shops, shop_fountains
Elf:1:    eino_elf_arrival_sip, layout_loops_corners, minmay_elf_annihilation,
          minmay_shoptagon
Elf:2:    layout_geoelf_grid, basic_altar
Elf:3:    minmay_elf_hall_statues, layout_gridlike, david_defended_altar_elf

Skill      XL: |  1  2  3  4  5  6  7  8  9 10 11 12 13 14 15 16 |
---------------+-------------------------------------------------+-----
Shields        | 4 5 7 8 10 11 13 15 16 18 19 | 19.5
Armour         | 4 5 6 7 9 10 11 13 14 15 16 | 16.5
Fighting       | 4 5 6 7 8 9 10 11 13 14 15 | 15.0
Long Blades    | 3 4 5 7 9 10 12 13 14 15 16 17 | 17.0
Unarmed Combat | 1 |  1.3
Dodging        | 1 2 3 4 |  4.5
Evocations     | 1 |  1.7
Invocations    | 1 2 3 |  3.7
Stealth        | 1 2 3 |  3.0
Axes           | 1 |  1.3

Action                   |  1- 3 |  4- 6 |  7- 9 | 10-12 | 13-15 | 16-18 || total
-------------------------+-------+-------+-------+-------+-------+-------++-------
Melee: Long sword        |    88 |   157 |   424 |   905 |  1534 |   323 ||  3431
       Headbutt          |    11 |    36 |    89 |   250 |   459 |    84 ||   929
       Unarmed           |       |    13 |       |       |       |       ||    13
       Hand axe          |       |       |       |    15 |       |       ||    15
Invok: Heroism           |       |       |     8 |    11 |    25 |     7 ||    51
       Finesse           |       |       |       |       |       |     1 ||     1
Evoke: Wand              |       |       |     4 |     1 |     5 |     8 ||    18
  Use: Potion            |     1 |     2 |     2 |       |     3 |     4 ||    12
       Scroll            |       |       |     3 |     8 |    12 |     5 ||    28
 Stab: Paralysed         |       |       |       |       |     3 |       ||     3
       Distracted        |       |       |       |       |     1 |       ||     1
       Petrified         |       |       |       |       |     7 |       ||     7
Armor: Scale mail        |    20 |       |       |       |       |       ||    20
       Chain mail        |    17 |    72 |   105 |       |   134 |       ||   328
       Skin              |       |     2 |       |       |       |       ||     2
       Plate armour      |       |       |    76 |   425 |   520 |    98 ||  1119
Dodge: Dodged            |    20 |    42 |    75 |   210 |   338 |    52 ||   737
Block: Kite shield       |    67 |    70 |   216 |   507 |   632 |       ||  1492
       Tower shield      |       |       |       |       |   510 |   256 ||   766
       Rpst.: Long sword |     7 |    13 |    19 |    55 |    66 |     7 ||   167

Table legend: (Time is in decaauts)
 A = Elapsed time spent in this place.
 B = Non-inter-level travel time spent in this place.
 C = Inter-level travel time spent in this place.
 D = Time resting spent in this place.
 E = Time spent auto-exploring this place.
 F = Levels seen in this place.
 G = Mean time per level.
                   A        B        C        D        E       F      G
               +--------+--------+--------+--------+--------+-----+--------+
         Total |  36378 |  34428 |   1950 |   7079 |  19468 |  27 | 1347.3 |
       Dungeon |  18593 |  17451 |   1142 |   2643 |  11202 |  13 | 1430.2 |
        Temple |     15 |     15 |      0 |      0 |      0 |   1 |   15.0 |
          Lair |   9338 |   8777 |    561 |   1577 |   4888 |   6 | 1556.3 |
         Swamp |   2138 |   2065 |     73 |   1063 |    691 |   2 | 1069.0 |
  Orcish Mines |   4231 |   4109 |    122 |   1176 |   1784 |   2 | 2115.5 |
   Elven Halls |   2060 |   2009 |     51 |    620 |    902 |   3 |  686.7 |
               +--------+--------+--------+--------+--------+-----+--------+

Top non-repeatable levels by time:
  Lair:3: 2467 daAuts
   Orc:2: 2296 daAuts
    D:11: 2162 daAuts
  Lair:1: 2028 daAuts
     D:8: 1941 daAuts
   Orc:1: 1935 daAuts
   Elf:1: 1846 daAuts
 Swamp:1: 1719 daAuts
     D:4: 1597 daAuts
    D:10: 1594 daAuts
  Lair:6: 1534 daAuts
     D:6: 1466 daAuts
    D:13: 1459 daAuts
     D:5: 1294 daAuts
  Lair:5: 1293 daAuts
